 Dungeon Crawl Stone Soup version 0.30-a0-166-g5d06c95188 (webtiles) character file.

Game seed: 8287406560581935433

165 Decritt the Digger (level 5, 0/31 HPs)
             Began as a Gargoyle Earth Elementalist on Sept 29, 2022.
             Slain by a quasit (2 damage)
             ... summoned by Eustachio
             ... on level 4 of the Dungeon.
             The game lasted 00:04:29 (2674 turns).

Decritt the Digger (Gargoyle Earth Elementalist)    Turns: 2674, Time: 00:04:29

Health: 0/31       AC:  6    Str: 11    XL:     5   Next: 46%
Magic:  3/9        EV: 11    Int: 24    God:
Gold:   232        SH:  0    Dex: 10    Spells: 3/9 levels left

rFire   . . .      SeeInvis .    g - +1 dagger (venom)
rCold   . . .      Faith    .    (no shield)
rNeg    + . .      Spirit   .    a - +0 robe
rPois   ∞          Reflect  .    (no helmet)
rElec   +          Harm     .    (no cloak)
rCorr   .          Rampage  .    (no gloves)
Will    .....                    (no boots)
Stlth   ++........               (no amulet)
HPRegen 0.10/turn                d - +6 ring of intelligence
MPRegen 0.11/turn                (no ring)

@: about to teleport
A: sickness immunity, AC +4, negative energy resistance 1, electricity
resistance, torment resistance 1, petrification resistance
a: no special abilities


You were on level 4 of the Dungeon.
You visited 1 branch of the dungeon, and saw 4 of its levels.

You collected 232 gold pieces.

Inventory:

Hand Weapons
 g - a +1 dagger of venom (weapon)
Armour
 a - a +0 robe (worn)
Jewellery
 d - a +6 ring of intelligence (left hand)
Scrolls
 c - a scroll of blinking
 e - a scroll of fear
 f - a scroll of magic mapping
 h - a scroll of immolation
 k - a scroll of teleportation
 l - a scroll of amnesia {unknown}
Potions
 b - a potion of magic
 i - 3 potions of brilliance
 j - a potion of mutation


   Skills:
 * Level 2.5 Fighting
 + Level 0.5 Armour
 - Level 1.5 Dodging
 - Level 2.1 Stealth
 + Level 2.9 Spellcasting
 * Level 2.5 Conjurations
 - Level 0.7 Transmutations
 * Level 4.7 Earth Magic


You had 3 spell levels left.
You knew the following spells:

 Your Spells              Type           Power      Damage    Failure   Level
a - Sandblast             Erth           52%        2d12      1%          1
b - Stone Arrow           Conj/Erth      42%        3d9       8%          3
c - Passwall              Tmut/Erth      13%        N/A       5%          2

Your spell library contained the following spells:

 Spells                   Type           Power      Damage    Failure   Level
 Momentum Strike          Conj/Tloc      18%        3d8       10%         2
 Blink                    Tloc           6%         N/A       17%         2
 Lesser Beckoning         Tloc           3%         N/A       32%         3
 Petrify                  Tmut/Erth      16%        N/A       34%         4


Dungeon Overview and Level Annotations

Branches:
Dungeon (3/15)

Altars:

Annotations:
D:4 Eustachio


Innate Abilities, Weirdness & Mutations

You are immune to sickness and miasma.
Your stone body is resilient. (AC +4)
You are immune to poison.
You resist negative energy. (rN+)
You are resistant to electric shocks. (rElec)
You are resistant to unholy torment.
You are immune to petrification.


Message History

You hit Eustachio but do no damage.
Eustachio is severely wounded.
The bat hits you.
* * * LOW HITPOINT WARNING * * *
The bat barely misses you.
The quokka bites you but does no damage.
The shadow imp barely misses you.
The quasit bites you but does no damage.
The quasit claws you but does no damage. x2
Eustachio screams, "Hey, you killed my favourite bat!"
Eustachio casts a spell.
Eustachio blinks!
As you read the scroll of teleportation, it crumbles to dust.
You feel strangely unstable.
The shadow imp disappears in a puff of smoke!
The bat hits you.
* * * LOW HITPOINT WARNING * * *
The quokka bites you but does no damage.
The quasit bites you but does no damage.
The quasit claws you but does no damage. x2
Eustachio gestures wildly while chanting.
Eustachio blinks!
The quokka bites you but does no damage.
The river rat barely misses you. The quasit attacks as you move away!
The quasit bites you but does no damage.
The quasit claws you but does no damage. x2
The bat completely misses you.
Eustachio mumbles some strange words.
Eustachio blinks!
The river rat completely misses you. The rat bites you but does no damage.
You hit Eustachio but do no damage.
Eustachio looks even sicker.
Eustachio is severely wounded.
The quasit closely misses you. The quasit barely misses you.
The quasit claws you but does no damage.
The bat hits you but does no damage. The quasit bites you.
* * * LOW HITPOINT WARNING * * *
The quasit claws you but does no damage.
The quasit claws you.
You die...

#......# #......#
#.....# #......#
...[... #..[...#
....... #......#
....... #......##
......#
####....#####.......
###.....5rr.....#
#.....b@#..#
#..../r.@.#
##...####.# #...# .♣
#.### . ..(# ..
##### .. ...


You could see Eustachio (very poisoned), a quasit (summoned), a river rat
(summoned), a quokka (summoned), a bat (summoned) and a rat (summoned).

Vanquished Creatures
  A scorpion (D:2)
  A jelly (D:3)
  2 adders (D:2)
  2 dart slugs
  An orc (D:3)
  5 endoplasms
  2 giant cockroaches (D:2)
  6 goblins
  4 hobgoblins
  5 kobolds
  4 quokkas
  8 ball pythons
  6 bats
  3 frilled lizards
  5 rats
55 creatures vanquished.

Vanquished Creatures (others)
  3 plants (D:1)
3 creatures vanquished.

Grand Total: 58 creatures vanquished

Notes
Turn   | Place    | Note
-------+----------+-------------------------------------------
     0 | D:1      | Decritt the Gargoyle Earth Elementalist began the quest for
                  | the Orb.
     0 | D:1      | Reached XP level 1. HP: 10/10 MP: 3/3
   171 | D:1      | Found a faded altar of an unknown god.
   194 | D:1      | Reached XP level 2. HP: 10/16 MP: 0/5
   499 | D:1      | Reached skill level 1 in Conjurations
   754 | D:1      | Reached skill level 1 in Fighting
   918 | D:1      | Reached skill level 4 in Earth Magic
   998 | D:1      | Reached XP level 3. HP: 18/20 MP: 2/6
  1002 | D:1      | Learned a level 3 spell: Stone Arrow
  1005 | D:1      | Learned a level 2 spell: Passwall
  1255 | D:2      | Noticed a scorpion
  1266 | D:2      | Killed a scorpion
  1267 | D:2      | Reached XP level 4. HP: 15/26 MP: 0/8
  1841 | D:2      | Reached XP level 5. HP: 30/30 MP: 7/9
  2643 | D:3      | You fall into a shaft and drop 1 floor!
  2656 | D:4      | Noticed Eustachio
  2674 | D:4      | Slain by a quasit

Illustrated notes

Levels and vault maps discovered:
D:1:      shiori_arrival_whats_in_store_for_you, layout_basic,
          shapermc_ecumenical_altar_starsandcircs, serial_forest,
          infiniplex_forest_straight_2, infiniplex_forest_lined_1,
          infiniplex_forest_clump_diagonal, infiniplex_forest_zigzag_1,
          infiniplex_forest_lined_room_, infiniplex_forest_end_3,
          hangedman_feature_mirror
D:2:      layout_rooms, serial_aquarium, aquarium_bridge_long_separate
          [aquarium_subvault_bridge, aquarium_subvault_wall,
          aquarium_subvault_bridge, aquarium_subvault_wall,
          aquarium_subvault_bridge, aquarium_subvault_bridge],
          aquarium_window_1, aquarium_window_fake, aquarium_window_fake,
          aquarium_window_1, aquarium_view_2f, aquarium_view_2f
D:3:      layout_basic, mainiacjoe_overflow_surrounded_room
D:4:      layout_basic, elyvilon_altar_3, minmay_temple_entry_glassed_door,
          serial_shops, shop, minmay_circle_x, uniq_eustachio

Skill      XL: |  1  2  3  4 |
---------------+-------------+-----
Conjurations   | 1 2 |  2.5
Fighting       | 1 2 |  2.5
Earth Magic    | 4 |  4.7
Armour         | |  0.5
Dodging        | |  1.5
Stealth        | |  2.1
Spellcasting   | |  2.9
Transmutations | |  0.7

Action                   |  1- 3 |  4- 6 || total
-------------------------+-------+-------++-------
Melee: Unarmed           |    19 |       ||    19
       Dagger            |       |    11 ||    11
 Cast: Sandblast         |    37 |    42 ||    79
  Use: Scroll            |       |     8 ||     8
Armor: Robe              |     8 |    26 ||    34
Dodge: Dodged            |    17 |    24 ||    41

Table legend: (Time is in decaauts)
 A = Elapsed time spent in this place.
 B = Non-inter-level travel time spent in this place.
 C = Inter-level travel time spent in this place.
 D = Time resting spent in this place.
 E = Time spent auto-exploring this place.
 F = Levels seen in this place.
 G = Mean time per level.
                   A        B        C        D        E       F      G
               +--------+--------+--------+--------+--------+-----+--------+
         Total |   2712 |   2656 |     56 |    518 |   1805 |   4 |  678.0 |
       Dungeon |   2712 |   2656 |     56 |    518 |   1805 |   4 |  678.0 |
               +--------+--------+--------+--------+--------+-----+--------+

Top non-repeatable levels by time:
     D:1: 1229 daAuts
     D:2: 1014 daAuts
     D:3: 433 daAuts
     D:4: 34 daAuts
